 Dungeon Crawl Stone Soup version 0.32-a0-329-ge6c31236d6 (webtiles) character file.

Game seed: 11335858518080662818

1707 n00bmints the Slasher (level 9, 0/68 HPs)
             Began as a Human Berserker on Feb 16, 2024.
             Was a Priest of Trog.
             Succumbed to Juicyj's ghost's poison
             ... on level 4 of the Dungeon.
             The game lasted 00:48:39 (7862 turns).

n00bmints the Slasher (Human Berserker)             Turns: 7862, Time: 00:48:40

Health: 0/68       AC: 13    Str: 19    XL:     9   Next: 3%
Magic:  9/9        EV:  7    Int:  9    God:    Trog [***...]
Gold:   333        SH:  0    Dex: 14    Spells: 8/8 levels left

rFire   . . .        g - +2 falchion
rCold   . . .        (no shield)
rNeg    . . .        t - +0 plate armour
rPois   .            (no helmet)
rElec   .            (no cloak)
rCorr   .            b - +0 pair of gloves
SInv    .            (no boots)
Will    .....        n - amulet of regeneration Stlth
                     f - ring of wizardry
HPRegen 1.11/turn    i - ring of flight
MPRegen 0.11/turn

%: wizardry (x1)
@: lethally poisoned (0 -> -3), on berserk cooldown, flying, slowed, very slow
A: explore regen
a: Renounce Religion, Berserk, Trog's Hand


You were on level 4 of the Dungeon.
You worshipped Trog.
Trog was most pleased with you.
You visited 2 branches of the dungeon, and saw 7 of its levels.

You collected 333 gold pieces.

Inventory:

Hand Weapons
 a - a +0 short sword
 g - a +2 falchion (weapon)
 l - a +2 hammer of holy wrath
 r - a +2 flail of venom
 x - a +0 short sword of flaming
 I - a +3 war axe of freezing
Armour
 b - a +0 pair of gloves (worn)
 t - a +0 plate armour (worn)
Jewellery
 f - a ring of wizardry (left hand)
 i - a ring of flight (right hand)
 n - an amulet of regeneration (around neck)
 o - an amulet of guardian spirit
Talismans
 k - a dragon-blood talisman
Wands
 C - a wand of digging (7)
 D - a wand of polymorph (6)
 H - a wand of quicksilver (10)
Scrolls
 d - 2 scrolls of amnesia
 q - a scroll of brand weapon {unknown}
 u - a scroll of poison
 w - 2 scrolls of blinking (quivered)
 y - a scroll of revelation {unknown}
 A - a scroll of silence
 G - a scroll of identify
 J - a scroll of enchant armour {unknown}
 K - a scroll of enchant weapon
Potions
 c - a potion of cancellation {unknown}
 e - 2 potions of resistance {unknown}
 h - a potion of invisibility {unknown}
 j - 2 potions of degeneration {unknown}
 m - a potion of enlightenment {unknown}
 p - 3 potions of attraction {unknown}
 s - 2 potions of heal wounds {unknown}
 v - a potion of ambrosia {unknown}
 z - 2 potions of curing {unknown}
 B - 3 potions of haste {unknown}
 E - a potion of lignification {unknown}
 F - a potion of brilliance {unknown}


   Skills:
 * Level 5.4 Fighting
 + Level 4.4(6.1) Short Blades
 * Level 6.6(7.2) Long Blades
 * Level 5.8 Armour
 * Level 4.2 Dodging
 + Level 1.2 Stealth


You had 8 spell levels left.
You didn't know any spells.
Your spell library contained the following spells:

 Spells                   Type           Power      Damage    Failure   Level
 Fugue of the Fallen      Necr           0%         N/A       100%        3
 Ozocubu's Armour         Ice            0%         N/A       100%        3
 Leda's Liquefaction      Alch/Erth      0%         N/A       100%        4
 Manifold Assault         Tloc           0%         N/A       100%        4
 Lee's Rapid Deconstruct  Erth           0%         3d4*      100%        5
 Bombard                  Conj/Erth      0%         9d1       100%        6


Dungeon Overview and Level Annotations

Branches:
Dungeon (6/15)             Temple (1/1) D:6

Altars:
Ashenzari
Cheibriados
Dithmenos
Elyvilon
Fedhas
Gozag
Kikubaaqudgha
Makhleb
Nemelex Xobeh
Okawaru
Qazlal
Ru
Sif Muna
Trog
Uskayaw
Vehumet
Wu Jian
Yredelemnul
Zin
The Shining One

Shops:
D:4 (

Annotations:
D:4 1 runed translucent door, Azoth's ghost, amateur DEAE; Crazy Yiuf; Juicyj's ghost, novice MDMo; Scrimshaw's ghost, amateur GnHW; jboons's ghost, amateur MDEE; uzume's ghost, amateur MiMo


Innate Abilities, Weirdness & Mutations

You regain HP and MP as you explore.


Message History

Uzume's ghost hits you.
Azoth's ghost hits you but does no damage.
Juicyj's ghost barely misses you.
You closely miss Juicyj's ghost.
Juicyj's ghost is lightly damaged.
You feel sick. Jboons's ghost hits you.
You are electrocuted!
You hit Juicyj's ghost.
Juicyj's ghost is moderately damaged.
You feel sick. Uzume's ghost hits you!
Azoth's ghost points at you and mumbles some strange words.
The zap misses you.
Scrimshaw's ghost points at you and mumbles some strange words.
The ball explodes into a vile cloud!
The stinking cloud engulfs uzume's ghost but does no damage.
The stinking cloud engulfs jboons's ghost but does no damage.
The stinking cloud engulfs you but does no damage.
The stinking cloud engulfs Juicyj's ghost but does no damage.
Juicyj's ghost hits you but does no damage.
You are more poisoned.
You feel very sick.
Jboons's ghost points at you and mumbles some strange words.
The blast of sand hits you but does no damage.
Juicyj's ghost attacks as it pursues you!
Juicyj's ghost hits you!
You are more poisoned.
You feel a strong urge to attack something.
You feel very sick.
You are no longer berserk.
You are exhausted.
You feel yourself slow down.
You feel very sick.
* * * LOW HITPOINT WARNING * * *
You feel very sick. Uzume's ghost hits you.
* * * LOW HITPOINT WARNING * * *
* * * LOW HITPOINT WARNING * * *
You feel very sick.
Juicyj's ghost screams, "Don't try to defend!
You have no chance!"
You barely miss jboons's ghost.
You die...

#....####.........#.#
#.......#.........#.#
##....##.#.........#.#
#.....##.#.........#.#
#.....##.#.........#.#
#.........######......
#........######....#.#
#........#.ß$?######.#
#....@W..#....ß##..#<#
###ß.WWW°#..(..)#.....
#..W.○☼§.....$#.....
#∩....○§.....ß#.....
###......'......##'###
#..<.....#...... #.#
#........#....ß###.#
#..ß.....#.ß$(##.).#
#........######....#


You could see Azoth's ghost, Juicyj's ghost, Scrimshaw's ghost, jboons's ghost
and uzume's ghost.

Vanquished Creatures
  Eustachio (D:4)
  An ice beast (D:6)
  A centaur (D:5)
  2 phantoms
  A scorpion (D:4)
  4 wights (D:6)
  2 howler monkeys
  A bombardier beetle (D:2)
  3 hounds (D:4)
  A jelly (D:4)
  An orc priest (D:5)
  3 iguanas
  5 orc wizards
  8 gnolls
  15 adders
  4 ufetubi
  3 dart slugs
  2 ribbon worms
  35 orcs
  8 ball pythons
  7 endoplasms
  4 giant cockroaches
  14 hobgoblins
  2 jackals (D:3)
  5 quokkas
  8 bats
  3 frilled lizards
  7 goblins
  9 kobolds
  6 rats
166 creatures vanquished.

Notes
Turn   | Place    | Note
-------+----------+-------------------------------------------
     0 | D:1      | n00bmints the Human Berserker began the quest for the Orb.
     0 | D:1      | Reached XP level 1. HP: 18/18 MP: 1/1
   204 | D:1      | Reached XP level 2. HP: 24/24 MP: 2/2
   580 | D:1      | Reached XP level 3. HP: 18/29 MP: 3/3
  1398 | D:2      | Reached XP level 4. HP: 24/37 MP: 4/4
  1687 | D:2      | Noticed a phantom
  1864 | D:2      | Reached skill level 1 in Long Blades
  1864 | D:2      | Reached XP level 5. HP: 28/42 MP: 5/5
  1871 | D:2      | Reached skill level 1 in Stealth
  2261 | D:2      | Reached ** piety under Trog
  2504 | D:2      | Reached skill level 2 in Long Blades
  2580 | D:2      | Killed a phantom
  2581 | D:2      | Reached XP level 6. HP: 48/48 MP: 6/6
  3181 | D:3      | Reached skill level 3 in Long Blades
  3472 | D:3      | Found an ancient bone altar of Kikubaaqudgha.
  4348 | D:3      | You are sucked into a shaft and drop 1 floor!
  4476 | D:4      | Reached XP level 7. HP: 43/54 MP: 7/7
  4636 | D:4      | Reached skill level 4 in Long Blades
  4682 | D:4      | Reached *** piety under Trog
  4795 | D:4      | Found a runed translucent gate.
  4796 | D:4      | Found Ypaenn Zuximm's Antique Weapon Emporium.
  4796 | D:4      | Found a runed translucent gate.
  4797 | D:4      | Found a runed translucent gate.
  4799 | D:4      | Noticed uzume's ghost (amateur MiMo)
  4800 | D:4      | Noticed jboons's ghost (amateur MDEE)
  4801 | D:4      | Noticed Juicyj's ghost (novice MDMo)
  4801 | D:4      | Noticed Scrimshaw's ghost (amateur GnHW)
  4801 | D:4      | Noticed Azoth's ghost (amateur DEAE)
  4905 | D:4      | Noticed Eustachio
  4948 | D:4      | HP: 1/55 [Eustachio/+0 falchion (2)]
  5068 | D:4      | Killed Eustachio
  5454 | D:4      | Reached XP level 8. HP: 61/61 MP: 8/8
  5595 | D:4      | Found a runed translucent door.
  5596 | D:4      | Noticed Crazy Yiuf
  5893 | D:5      | Entered Level 5 of the Dungeon
  6350 | D:5      | Reached skill level 5 in Long Blades
  6735 | D:6      | Reached skill level 5 in Armour
  6766 | D:6      | Found a staircase to the Ecumenical Temple.
  6841 | Temple   | Entered the Ecumenical Temple
  7040 | D:6      | Reached skill level 5 in Fighting
  7168 | D:6      | Reached skill level 6 in Long Blades
  7349 | D:6      | Reached XP level 9. HP: 67/68 MP: 9/9
  7517 | D:6      | Found a glowing golden altar of the Shining One.
  7861 | D:4      | HP: 1/68 [poisoned by Juicyj's ghost]
  7862 | D:4      | Succumbed to Juicyj's ghost's poison

Illustrated notes

Levels and vault maps discovered:
D:1:      matt_arrival_spirals, layout_basic, roderic_serpentine_path,
          hangedman_decor_riveting, chequers_jeans
D:2:      minmay_skewed_foursquare, layout_loops_corners
D:3:      minmay_bubble_buster, layout_loops_ring,
          nicolae_overflow_crystal_walls
D:4:      minmay_chambers_of_fours, layout_basic, gammafunk_ghost_cemetery,
          serial_shops, shop_statue, minmay_circle_x, uniq_eustachio,
          uniq_crazy_yiuf_cottage
D:5:      layout_cave_pools
D:6:      layout_rooms, mainiacjoe_overflow_tiny_flanked,
          minmay_temple_entry_mist, dreamdust_princess_corridor,
          minmay_misc_feat_tower
Temple:   dpeg_five_rooms_temple

Skill      XL: |  1  2  3  4  5  6  7  8 |
---------------+-------------------------+-----
Long Blades    | 1 2 3 4 6 |  6.6
Dodging        | 3 4 |  4.2
Stealth        | 1 |  1.2
Fighting       | 4 5 |  5.4
Armour         | 3 4 5 |  5.8
Short Blades   | 4 |  4.4

Action                     |  1- 3 |  4- 6 |  7- 9 || total
---------------------------+-------+-------+-------++-------
  Melee: Short sword       |    95 |    22 |   226 ||   343
         Falchion          |    18 |   265 |   271 ||   554
 Invoke: Berserk           |     1 |     4 |    12 ||    17
         Trog's Hand       |       |       |     3 ||     3
    Use: Scroll            |       |       |    10 ||    10
   Stab: Sleeping          |     2 |       |       ||     2
 Armour: Animal skin       |    48 |       |       ||    48
         Chain mail        |     5 |   196 |       ||   201
         Plate armour      |       |    62 |   654 ||   716
  Dodge: Dodged            |    80 |   152 |   215 ||   447

Table legend: (Time is in decaauts)
 A = Elapsed time spent in this place.
 B = Non-inter-level travel time spent in this place.
 C = Inter-level travel time spent in this place.
 D = Time resting spent in this place.
 E = Time spent auto-exploring this place.
 F = Levels seen in this place.
 G = Mean time per level.
                   A        B        C        D        E       F      G
               +--------+--------+--------+--------+--------+-----+--------+
         Total |   7972 |   7484 |    488 |      0 |   1500 |   7 | 1138.9 |
       Dungeon |   7800 |   7443 |    357 |      0 |   1500 |   6 | 1300.0 |
        Temple |    171 |     40 |    131 |      0 |      0 |   1 |  171.0 |
               +--------+--------+--------+--------+--------+-----+--------+

Top non-repeatable levels by time:
     D:2: 1839 daAuts
     D:4: 1582 daAuts
     D:1: 1348 daAuts
     D:3: 1232 daAuts
     D:5: 964 daAuts
     D:6: 833 daAuts
  Temple: 171 daAuts
